woodfighter, chaotic female orcish Cavewoman ------------ -------- |.........<| ----- |......| ------- |..........| |)..-# ##.......|#####Y.....| |..........| #-...|# # |......|# |@.>..| |..........| ###|...|# ------------- ####-...%...## +*....| --.--------- # ....%######+`.........`| ## --------# |.....| ### ### |...|# |.....`......#%#### |.....| # # |...|# |...-----...|# ) ------- ### # -----### |...|.{.|...| ### # # # #...`.{.{|`..| # ### # ####|...|.{.|....## # # ## |...-----...| ## # #####|.....`.....| ------.---# # |`.........`| |........-# ### ------------- |...^....| # |........|########## ---------- woodfighter the Young Cave Woman Experience level: 6 Strength: 15 Dexterity: 14 Constitution: 18 Intelligence: 8 Wisdom: 11 Charisma: 7 Health: 0(58) Energy: 18(18) Def: 3 Gold: 942 Moves: 3642 Dungeon seed: fkXqJ9NdZwRjYF4g Game ID: woodfighter_1499208848 Your Inventory: Coins $ - 942 gold pieces Weapons a - a +1 club (weapon in hand) b - a +2 sling (alternate weapon; not wielded) Armor n - an uncursed +0 studded leather armor (being worn) r - an uncursed +0 helmet N - an uncursed +0 dwarvish cloak Y - an uncursed +0 pair of leather gloves Comestibles p - 2 uncursed sprigs of wolfsbane C - an uncursed food ration H - an uncursed pear Scrolls i - an uncursed scroll of remove curse j - 4 uncursed scrolls of identify l - 2 uncursed scrolls of gold detection m - an uncursed scroll of scare monster s - a blessed scroll of remove curse t - an uncursed scroll of teleportation z - a cursed scroll of light A - an uncursed scroll of light Spellbooks k - an uncursed spellbook of confuse monster Potions f - an uncursed potion of water B - 2 uncursed potions of blindness D - 3 uncursed potions of hallucination G - an uncursed potion of object detection Rings x - an uncursed ring of protection from shape changers Wands h - a wand of enlightenment (0:11) q - a wand of undead turning (0:7) u - a wand of enlightenment (0:14) F - a blessed wand of striking (0:8) Tools y - an uncursed skeleton key Gems e - 13 uncursed flints (in quiver) Spells and supernatural/magical abilities: Name Level Category Fail Memory W - pray for help -- divine ? -- Your skills at the end: Miscellaneous Skills bare handed combat [Basic] Weapon Skills scimitar [Basic] club [Skilled] sling [Basic] Spellcasting Skills Final Attributes: You were piously aligned. You were fire resistant. You were poison resistant. You had infravision. You were somewhat stealthy. You were held by an owlbear. You are dead. Vanquished creatures: a giant beetle a leprechaun 2 quivering blobs a spotted jelly a dog a dust vortex a gray ooze 3 giant ants a kobold lord an iguana a rothe a rabid rat a jitterbug a giant bat 2 orc zombies 2 gas spores an acid blob a large kobold a gecko 2 brown molds a yellow mold a green mold a gnome 4 garter snakes 10 jackals a fox 3 kobolds 6 newts 5 sewer rats 3 grid bugs 4 lichens 2 kobold zombies 67 creatures vanquished. Voluntary challenges: You did not adorn yourself with jewelry or accessories. You did not cause conflict. You were not invisible. You did not have reflection. You were not displaced. You used a wielded weapon 126 times, starting on turn 160. You did not apply a unicorn horn. You did not use plumbed fixtures. You did not drink any magical draughts. You were illiterate. You never genocided any monsters. You never polymorphed an object. You never changed form. You used no wishes. You never split a pudding. You never wrote Elbereth's name. You never violated your personal moral code. Dungeon overview: The Dungeons of Doom: levels 1 to 9 Level 1 a fountain a long staircase Level 2 (vault) an altar to Ishtar, some fountains Level 3 Level 4 a sink stairs to The Gnomish Mines Level 5 a sink Level 6 a hardware shop, a fountain Level 7 a throne Level 8 some fountains Level 9 <- You were here many fountains The Gnomish Mines: Level 5 stairs to The Dungeons of Doom History has recorded: On T:1 you entered the Dungeons of Doom to retrieve the Amulet of Yendor! On T:360 you reached level 2 of The Dungeons of Doom. On T:745 you advanced to experience level 2. On T:819 you reached level 3 of The Dungeons of Doom. On T:987 you advanced to experience level 3. On T:1133 you reached level 4 of The Dungeons of Doom. On T:1233 you reached level 1 of The Gnomish Mines. On T:1332 you reached level 5 of The Dungeons of Doom. On T:1800 you reached level 6 of The Dungeons of Doom. On T:1930 you advanced to experience level 4. On T:2160 you reached level 7 of The Dungeons of Doom. On T:2514 you advanced to experience level 5. On T:2761 you reached level 8 of The Dungeons of Doom. On T:2983 you reached level 9 of The Dungeons of Doom. On T:3112 you advanced to experience level 6. Score breakdown: Gold: 942 ( 94 points) Experience: 6 levels ( 500 points) Exploration: 9 levels ( 240 points) Discoveries: 22 items ( 1100 points) Variety of kills: 32 monsters ( 1600 points) Major goal: (nothing yet) ( 0 points) Survival: died (score multiplied by 3) Total score: 10602 Latest messages: Your club is not affected. You hit the spotted jelly! You hit the spotted jelly. Your club is not affected. You kill the spotted jelly! You are splashed by something's acid! You see here an axe. You see here a spotted jelly corpse. You stop exploring. (2x) You kill the lichen! F - a uranium wand. There are a few more objects here. A trap door in the ceiling opens and a rock falls on your head! Y - a pair of padded gloves. G - a yellow potion. You see here a pear. H - a pear. l - a scroll labeled KIRJE. A trap blocks your way. You hit the owlbear. The owlbear claws you! (2x) The owlbear grabs you! You hit the owlbear. The owlbear claws you! (2x) You are being crushed. You die... Final status: Goodbye woodfighter the Cavewoman, killed by an owlbear... You died in The Dungeons of Doom on dungeon level 9 with 10602 points, and 942 pieces of gold, after 3642 moves. You were level 6 with a maximum of 58 hit points when you died.